Description

Almost the fastest possible Nydus timing, this arrives with 24 Speedlings and a Queen.

The second Nydus is queued immediately after the first, at the natural expansion. This serves as a distraction, but can also be used to dodge the defending units and deny mining from both bases.

Because we don't use any injects or creep tumors, the Queen will have enough energy for a transfuse on the Nydus if necessary.

Replay - ExCiTeR v Thetawaves - Kairos Junction LE

Build Order

Get SALT Encoding   

  12  0:01  Drone  
  13  0:12  Overlord  Send starting overlord to the natural hiding spot, second to the safest edge of the main
  13  0:17  Drone  
  14  0:31  Drone x2  
  16  0:43  Spawning Pool  
  16  0:45  Extractor  
  16  0:47  Drone x2  
  15  0:56  Drone  
  17  1:17  Hatchery  
  16  1:21  Drone x2  
  18  1:28  Drone  
  19  1:36  Extractor  
  19  1:39  Zergling x2  
  19  1:47  Lair  Only one more drone after lair, then all zerglings
  20  2:00  Zergling x2  
  21  2:12  Zergling x2  
  21  2:14  Metabolic Boost  
  22  2:21  Overlord  
  22  2:29  Queen  At the natural; save all energy, and load it into the nydus first
  22  2:33  Zergling x4  before the Nydus Network, @150 gas, pull 3 drones off (2 in one, 1 in the other)
  26  2:46  Nydus Network  use one of the 2 in the gas to build the Nydus Network
  26  2:50  Zergling x2  
  26  2:59  Zergling x6  
  29  3:10  Zergling x2  
  31  3:13  Overlord  
  32  3:22  Nydus Canal  Place this in an unseen area of the main
  34  3:36  Nydus Canal  Queue this immediately after in a visible spot at the natural
Spawning Tool Build Advisor. Get it on Overwolf

Analysis

This can be defended by going Cybernetics Core before Nexus, and getting 5 Adepts with some Shield Batteries or going for a Void Ray. However if the Protoss goes for a Robotics Facility or saves some bank for Warpgate Research to finish, they will have a tough time.

Go to:

Details

  • Created by: rezecib
  • Published on: Mar 12, 2019
  • Modified on: Mar 16, 2019
  • Patch: 4.7.1
Show
View Real Time Build Order
Export as new Build Order

Comments (0)

There are no comments. Be the first!

Create an account to comment!